 Dungeon Crawl Stone Soup version 0.32-a0-799-g95e1662365 (webtiles) character file.

Game seed: 9610652810582284128

3052 pokeman the Thaumaturge (level 9, -7/52 HPs)
             Began as a Deep Elf Hedge Wizard on Mar 21, 2024.
             Was an Initiate of Vehumet.
             Mangled by a wyvern zombie (10 damage)
             ... on level 7 of the Dungeon.
             The game lasted 00:20:16 (8204 turns).

pokeman the Thaumaturge (Deep Elf Hedge Wizard)     Turns: 8204, Time: 00:20:17

Health: -7/52      AC:  6    Str:  7    XL:     9   Next: 57%
Magic:  26/27      EV: 12    Int: 29    God:    Vehumet [......]
Gold:   419        SH:  0    Dex: 14    Spells: 19/33 levels left

rFire   . . .        D - +5 mace
rCold   . . .        (no shield)
rNeg    . . .        w - +1 robe of Generosity {Int+5}
rPois   +            c - +0 hat
rElec   .            (no cloak)
rCorr   .            y - +2 pair of gloves
SInv    +            (no boots)
Will    .....        (no amulet)
Stlth   ++           G - ring of see invisible
HPRegen 0.28/turn    H - ring of poison resistance
MPRegen 0.20/turn

%: no passive effects
@: no status effects
A: no striking features
a: Renounce Religion


You were on level 7 of the Dungeon.
You worshipped Vehumet.
Vehumet was noncommittal.
You visited 2 branches of the dungeon, and saw 8 of its levels.
You also visited: Sewer.

You collected 419 gold pieces.

Inventory:

Hand Weapons
 s - a +1 dagger of venom
 D - a +5 mace (weapon)
Missiles
 F - a throwing net
Armour
 c - a +0 hat (worn)
 r - a +1 leather armour of poison resistance
 w - the +1 robe of Generosity (worn) {Int+5}
   (You found it on level 5 of the Dungeon)

   Int+5:     It affects your intelligence (+5).
 y - a +2 pair of gloves (worn)
 E - a +0 tower shield
Magical Staves
 v - a staff of air
Jewellery
 G - a ring of see invisible (left hand)
 H - a ring of poison resistance (right hand)
Scrolls
 b - a scroll of enchant armour {unknown}
 g - a scroll of noise {unknown}
 h - 2 scrolls of revelation {unknown}
 j - 3 scrolls of teleportation {unknown}
 k - a scroll of vulnerability {unknown}
 l - 3 scrolls of identify {unknown}
 n - a scroll of amnesia {unknown}
 o - a scroll of enchant weapon {unknown}
 p - a scroll of butterflies {unknown}
 u - a scroll of brand weapon {unknown}
 x - a scroll of immolation {unknown}
 C - a scroll of acquirement {unknown}
Potions
 a - a potion of mutation {unknown}
 d - 4 potions of magic
 e - a potion of might {unknown}
 f - a potion of berserk rage {unknown}
 i - 2 potions of curing {unknown}
 m - a potion of enlightenment {unknown}
 q - a potion of attraction {unknown}
 t - a potion of ambrosia {unknown}
 z - 2 potions of invisibility {unknown}
 A - a potion of resistance {unknown}
 B - 3 potions of cancellation {unknown}


   Skills:
 + Level 4.0 Fighting
 - Level 3.0 Armour
 - Level 3.2 Dodging
 - Level 3.0 Stealth
 * Level 12.5 Spellcasting
 + Level 7.1 Conjurations
 - Level 1.1 Summonings
 - Level 1.1 Translocations
 - Level 1.0 Air Magic
 + Level 1.5 Earth Magic
 - Level 1.2 Alchemy
 - Level 1.0 Evocations


You had 19 spell levels left.
You knew the following spells:

 Your Spells              Type           Power      Damage    Failure   Level
a - Magic Dart            Conj           100%       1d8       1%          1
b - Mephitic Cloud        Conj/Alch/Air  36%        N/A       2%          3
c - Call Imp              Summ           48%        N/A       2%          2
d - Blink                 Tloc           48%        N/A       2%          2
e - Bombard               Conj/Erth      21%        9d4       58%         6

Your spell library contained the following spells:

 Spells                   Type           Power      Damage    Failure   Level
 Slow                     Hex            72%        N/A       3%          1
 Cigotuvi's Dreadful Rot  Necr/Alch/Air  44%        N/A       3%          2
 Passwall                 Erth           27%        N/A       4%          3
 Volatile Blastmotes      Fire/Tloc      42%        2d13      7%          3
 Confusing Touch          Hex            18%        N/A       9%          3
 Vampiric Draining        Necr           18%        2d7       9%          3


Dungeon Overview and Level Annotations

Branches:
Dungeon (7/15)             Temple (1/1) D:7           Sewer (visited)

Altars:
Cheibriados
Elyvilon
Fedhas
Hepliaklqana
Kikubaaqudgha
Makhleb
Nemelex Xobeh
Okawaru
Qazlal
Ru
Sif Muna
Trog
Uskayaw
Vehumet
Wu Jian
Xom
Yredelemnul
Zin
The Shining One


Message History

Things that are here:
a +2 heavy flail; a +0 robe Your cerulean imp disappears in a puff of smoke!
You open the door.
A wyvern zombie comes into view.
Casting: Call Imp (safe; 2% risk of failure)
Confirm with . or Enter, or press ? or * to list all spells.
A tiny devil pulls itself out of the air.
The wyvern zombie completely misses you.
You hit the wyvern zombie.
The wyvern zombie is lightly damaged.
The wyvern zombie barely misses you.
You hit the wyvern zombie.
The wyvern zombie is lightly damaged.
The wyvern zombie bites you.
Your cerulean imp hits the wyvern zombie but does no damage.
The wyvern zombie barely misses you.
Your cerulean imp hits the wyvern zombie from afar with a -2 spear.
You hit the wyvern zombie.
The wyvern zombie is moderately damaged.
The wyvern zombie bites you. The wyvern zombie closely misses you.
Your cerulean imp hits the wyvern zombie from afar with a -2 spear.
You hit the wyvern zombie but do no damage.
The wyvern zombie is moderately damaged.
The wyvern zombie bites you!
Your cerulean imp barely misses the wyvern zombie.
The wyvern zombie bites you.
You hit the wyvern zombie.
The wyvern zombie is heavily damaged.
Your cerulean imp hits the wyvern zombie from afar with a -2 spear.
The wyvern zombie bites you!
Your cerulean imp hits the wyvern zombie from afar with a -2 spear.
The wyvern zombie bites you!
You thump the wyvern zombie!
The wyvern zombie is severely damaged.
The wyvern zombie bites you!
* * * LOW HITPOINT WARNING * * *
Your cerulean imp hits the wyvern zombie but does no damage.
The wyvern zombie bites you!
You die...

#########
#z#.#.#.#
#####+#'#'#5#+#+#
#..'..(....@....#
#.###'#'#'#Z#+#+#
##.ß##_#.#.#.#
#####..###########
....#.....#
..........#
..........#
.>........#
..........#


You could see a wyvern zombie (ally target) and a friendly cerulean imp
(summoned).

Vanquished Creatures
  Sigmund (D:6)
  A steam dragon (D:7)
  An orc warrior (D:6)
  3 black bears
  A crocodile (Sewer)
  An ice beast (D:6)
  A centaur (D:5)
  A phantom (D:5)
  A kobold brigand (Sewer)
  A brain worm (Sewer)
  2 bullfrogs (D:7)
  A gnoll sergeant (D:5)
  A wight (D:7)
  2 scorpions
  5 killer bees (D:6)
  2 howler monkeys
  A centaur zombie (D:7)
  3 hounds
  A human zombie (D:7)
  A bombardier beetle (D:4)
  4 orc priests
  Jessica (D:3)
  3 iguanas
  9 orc wizards
  6 scorpion zombies (D:6)
  3 mummies (D:7)
  5 adders
  11 gnolls
  2 howler monkey skeletons (D:6)
  2 river rats (Sewer)
  A shadow imp (D:6)
  3 white imps (D:7)
  4 ufetubi (D:6)
  2 ribbon worms
  22 orcs
  A bat (D:1)
  7 endoplasms
  A giant cockroach (D:4)
  6 goblins
  7 hobgoblins
  6 jackals
  6 kobolds
  5 quokkas
  10 ball pythons
  4 frilled lizards
  10 rats
172 creatures vanquished.

Vanquished Creatures (collateral kills)
  A killer bee (D:6)
  A bombardier beetle (D:5)
  An orc (D:6)
3 creatures vanquished.

Vanquished Creatures (others)
  A kobold brigand (Sewer)
1 creature vanquished.

Grand Total: 176 creatures vanquished

Notes
Turn   | Place    | Note
-------+----------+-------------------------------------------
     0 | D:1      | pokeman the Deep Elf Hedge Wizard began the quest for the
                  | Orb.
     0 | D:1      | Reached XP level 1. HP: 10/10 MP: 7/7
   381 | D:1      | Reached XP level 2. HP: 15/15 MP: 6/9
   433 | D:1      | Found a faded altar of an unknown god.
  1234 | D:2      | Reached skill level 5 in Spellcasting
  1392 | D:2      | Reached XP level 3. HP: 20/20 MP: 7/11
  1396 | D:2      | Learned a level 3 spell: Mephitic Cloud
  1399 | D:2      | Learned a level 2 spell: Call Imp
  1402 | D:2      | Learned a level 2 spell: Blink
  2013 | D:3      | You fall into a shaft and drop 2 floors!
  2013 | D:5      | Entered Level 5 of the Dungeon
  2015 | D:5      | Noticed a black bear
  2212 | D:4      | Reached skill level 1 in Fighting
  2212 | D:4      | Reached skill level 1 in Armour
  2379 | D:3      | Reached XP level 4. HP: 25/25 MP: 10/13
  2528 | D:3      | Noticed Jessica
  2533 | D:3      | Killed Jessica
  2574 | D:3      | Found a shimmering blue altar of Sif Muna.
  3302 | D:4      | Reached skill level 6 in Spellcasting
  3302 | D:4      | Reached XP level 5. HP: 27/29 MP: 0/15
  3766 | D:5      | HP: 1/29 [black bear (3)]
  3778 | D:5      | Noticed a phantom
  3888 | D:5      | Killed a phantom
  3889 | D:5      | Reached skill level 1 in Air Magic
  3896 | D:5      | Killed a black bear
  3897 | D:5      | Reached XP level 6. HP: 28/34 MP: 7/17
  3977 | D:5      | Reached skill level 7 in Spellcasting
  3977 | D:5      | Reached skill level 1 in Alchemy
  4164 | D:5      | Identified the +1 robe of Generosity {Int+5}
  4283 | D:5      | Reached XP level 7. HP: 8/40 MP: 4/20
  4604 | D:5      | Reached skill level 8 in Spellcasting
  4758 | D:5      | Found a bloodstained altar of Trog.
  5049 | D:6      | Noticed Sigmund
  5083 | D:6      | Killed Sigmund
  5175 | D:6      | Reached skill level 9 in Spellcasting
  5220 | D:6      | Reached skill level 1 in Evocations
  5237 | D:6      | Found a glowing drain.
  5259 | Sewer    | Entered a sewer
  5526 | Sewer    | Reached XP level 8. HP: 44/44 MP: 20/23
  5658 | Sewer    | Reached skill level 5 in Conjurations
  6059 | Sewer    | Reached skill level 10 in Spellcasting
  6595 | D:6      | Reached skill level 11 in Spellcasting
  6775 | D:6      | Reached XP level 9. HP: 25/50 MP: 17/26
  7360 | D:7      | Reached skill level 12 in Spellcasting
  7409 | D:7      | Learned a level 6 spell: Bombard
  7808 | D:7      | Reached skill level 1 in Earth Magic
  7811 | D:7      | Found a staircase to the Ecumenical Temple.
  7823 | Temple   | Entered the Ecumenical Temple
  7840 | Temple   | Became a worshipper of Vehumet
  7927 | D:7      | Found a basalt altar of Yredelemnul.
  8204 | D:7      | Mangled by a wyvern zombie

Illustrated notes

Levels and vault maps discovered:
D:1:      dpeg_arrival_simpleton_a, layout_loops_ring, basic_ecumenical_altar
D:2:      layout_loops_ring, st_stairs_9
D:3:      layout_basic, tgw_sif, minmay_statues_item, guppyfry_early_lair_pool
D:4:      layout_gridville
D:5:      layout_gridville, mainiacjoe_overflow_alcove_2
D:6:      layout_cave_pools, gup_sewer_entry_bubbles,
          mainiacjoe_ossuary_entry_find_the_door, uniq_sigmund
D:7:      layout_rooms, lemuel_mausoleum_altar_yredelemnul,
          minmay_temple_entry_statues_pillars
Temple:   lightli_temple_of_artemis

Skill      XL: |  1  2  3  4  5  6  7  8  9 |
---------------+----------------------------+-----
Spellcasting   | 5 6 7 9 11 12 | 12.5
Fighting       | 1 2 3 4 |  4.0
Armour         | 1 2 3 |  3.0
Conjurations   | 2 3 4 6 7 |  7.1
Stealth        | 3 |  3.0
Dodging        | 3 |  3.2
Air Magic      | 1 |  1.0
Alchemy        | 1 |  1.2
Evocations     | 1 |  1.0
Earth Magic    | 1 |  1.5
Summonings     | |  1.1
Translocations | |  1.1

Action                     |  1- 3 |  4- 6 |  7- 9 || total
---------------------------+-------+-------+-------++-------
  Melee: Dagger            |     7 |    47 |   241 ||   295
         Mace              |       |       |   104 ||   104
   Cast: Magic Dart        |    87 |    92 |   211 ||   390
         Mephitic Cloud    |     2 |     6 |    32 ||    40
         Call Imp          |       |     3 |     5 ||     8
         Blink             |       |     1 |     2 ||     3
   Stab: Sleeping          |     1 |       |     1 ||     2
         Confused          |     2 |     3 |    33 ||    38
         Distracted        |       |       |     1 ||     1
 Armour: Robe              |    19 |    32 |   182 ||   233
  Dodge: Dodged            |    21 |    35 |   189 ||   245

Table legend: (Time is in decaauts)
 A = Elapsed time spent in this place.
 B = Non-inter-level travel time spent in this place.
 C = Inter-level travel time spent in this place.
 D = Time resting spent in this place.
 E = Time spent auto-exploring this place.
 F = Levels seen in this place.
 G = Mean time per level.
                   A        B        C        D        E       F      G
               +--------+--------+--------+--------+--------+-----+--------+
         Total |   8348 |   8203 |    145 |    212 |   6406 |   9 |  927.6 |
       Dungeon |   7168 |   7039 |    129 |    212 |   5454 |   7 | 1024.0 |
        Temple |     34 |     18 |     16 |      0 |      0 |   1 |   34.0 |
         Sewer |   1145 |   1145 |      0 |      0 |    952 |   1 | 1145.0 |
               +--------+--------+--------+--------+--------+-----+--------+

Top non-repeatable levels by time:
     D:6: 1259 daAuts
     D:5: 1238 daAuts
   Sewer: 1145 daAuts
     D:1: 1095 daAuts
     D:4: 974 daAuts
     D:3: 972 daAuts
     D:7: 845 daAuts
     D:2: 782 daAuts
  Temple: 34 daAuts
